 Dungeon Crawl Stone Soup version 0.29.0-4-gdea44cf6ec (webtiles) character file.

Game seed: 5123440162813167976

2682 qw the Cleaver (level 9, 0/71 (72) HPs)
             Began as a Formicid Cinder Acolyte on Sept 3, 2022.
             Was an Initiate of Ignis.
             Succumbed to Psyche's arc of chaos
             ... on level 8 of the Dungeon.
             The game lasted 00:04:13 (10223 turns).

qw the Cleaver (Formicid Cinder Acolyte)           Turns: 10223, Time: 00:04:13

HP:   0/71 (72)     AC:  0    Str: 23    XL:     9   Next: 96%
MP:   10/10         EV: 18    Int: 14    God:    Ignis [......]
Gold: 484           SH:  0    Dex: 14    Spells: 10/10 levels left

rFire   + . .      SeeInvis .   (weapon currently unavailable)
rCold   . . .      Faith    .   (shield currently unavailable)
rNeg    . . .      Spirit   .   (body armour currently unavailable)
rPois   .          Reflect  .   (helmet unavailable)
rElec   .          Harm     .   (cloak currently unavailable)
rCorr   .          Rampage  .   (gloves currently unavailable)
Will    .....                   (boots currently unavailable)
Stlth   +.........              (no amulet)
HPRegen 0.21/turn               (ring currently unavailable)
MPRegen 0.12/turn               (ring currently unavailable)

@: lethally poisoned (0 -> -4), bat-form, flying, lightly drained, very quick
A: fast, flying, no casting, permanent stasis, dig shafts and tunnels, tiny,
(antennae 3), four strong arms, mutation resistance 1, subdued magic 1
a: Renounce Religion, Rising Flame


You were on level 8 of the Dungeon.
You worshipped Ignis.
Ignis was noncommittal.
You were a bat.
You visited 1 branch of the dungeon, and saw 8 of its levels.

You collected 549 gold pieces.
You spent 65 gold pieces at shops.


Innate Abilities, Weirdness & Mutations

You are a bat.
You are tiny and dextrous.
You move quickly.
You are flying.
Your equipment is almost entirely melded.
You are incapable of wielding weapons or throwing items.
You cannot cast spells.
You cannot be hasted, slowed, berserked, paralysed or teleported.
You can dig through walls and to a lower floor.
((You have a pair of large antennae on your head. (SInv)))
Your four strong arms can wield two-handed weapons with a shield.
You are somewhat resistant to further mutation.
Your spells are a little easier to cast, but a little less powerful.


   Skills:
 - Level 7.0 Fighting
 - Level 10.1 Axes
 - Level 2.2 Throwing
 - Level 6.0 Armour
 + Level 1.0 Dodging
 - Level 1.1 Spellcasting
 - Level 3.0 Fire Magic


You had 10 spell levels left.
You didn't know any spells.
Your spell library contained the following spells:

 Spells                   Type           Power      Damage    Failure   Level
 Scorch                   Fire           14%        2d6       10%         2

Inventory:

Hand Weapons
 j - a -1 hand axe of flaming
 Y - a +5 battleaxe (melded)
Armour
 a - a +1 pair of gloves (melded)
 c - a +0 buckler
 i - a +2 cloak (melded)
 r - a +0 plate armour (melded)
Jewellery
 b - a ring of poison resistance (melded)
 l - a +6 ring of dexterity
 q - a +4 ring of protection (melded)
Scrolls
 d - a scroll of identify
Potions
 e - a potion of curing
 f - 2 potions of mutation
 g - a potion of haste
 h - a potion of might {unknown}

Dungeon Overview and Level Annotations

Branches:
Dungeon (8/15)             Temple (0/1) D:6
   Lair: D:8-11

Altars:
Cheibriados
Makhleb
Nemelex Xobeh
Qazlal
Trog
Vehumet
The Shining One

Shops:
D:2 (   D:5 [

Annotations:
D:6 1 runed translucent door, Crazy Yiuf
D:8 Psyche


Message History

The arc of chaos hits you.
You hit Psyche.
Psyche is almost dead.
You feel sick.
Psyche looks braver for a moment.
You hit Psyche but do no damage.
Psyche is almost dead.
You feel sick.
Psyche miscasts a cantrip.
You hit Psyche but do no damage.
Psyche is almost dead.
You feel sick.
You are no longer poisoned.
Psyche closely misses you.
You hit Psyche.
Psyche is almost dead.
Psyche completely misses you.
A sky beast appears from thin air!
Reactivating autopickup.
You completely miss Psyche.
Psyche is almost dead.
Psyche hits you with a +1 dagger of chaos!
You hit Psyche.
Psyche is almost dead.
Psyche hits you with a +1 dagger of chaos.
Psyche draws strength from your wounds! The sky beast hits you.
The sky beast shocks you.
You hit Psyche.
Psyche is almost dead.
Psyche gestures wildly while chanting.
A swirling arc of seething chaos appears!
The arc of chaos hits you!
You are poisoned.
The arc of chaos hits the sky beast.
The arc of chaos hits you! The sky beast completely misses you.
You barely miss Psyche.
Psyche is almost dead.
You feel sick. Psyche barely misses you. The sky beast barely misses you.
You hit Psyche.
Psyche is almost dead.
You die...

####+##........#
#........#
+........#
#........#######
###...###......#
#E#...#{#......#
###...###......#
................#
......_....Yb....#
............@....#
..###...###......#
...#E#......#
...###......# ...
.......# ##
########


You could see Psyche and a sky beast.

Vanquished Creatures
  Duvessa (D:4)
  4 water moccasins
  2 black bears
  An orc warrior (D:6)
  2 sky beasts (D:7)
  An ice beast (D:7)
  A centaur (D:6)
  A kobold brigand (D:6)
  2 gnoll sergeants (D:8)
  3 scorpions
  4 wights (D:6)
  Dowan (D:4)
  A howler monkey (D:5)
  2 electric eels (D:7)
  A jelly (D:6)
  4 hounds
  2 orc priests
  An iguana (D:4)
  4 orc wizards
  Natasha (twice) (D:3)
  Terence (D:2)
  A statue (D:3)
  Robin (D:2)
  17 gnolls
  6 adders
  2 ufetubi (D:5)
  2 worms
  4 dart slugs
  10 orcs
  5 ball pythons
  9 bats
  9 endoplasms
  4 giant cockroaches
  16 goblins
  7 hobgoblins
  2 jackals (D:2)
  8 kobolds
  6 quokkas
  3 frilled lizards
  4 rats
157 creatures vanquished.

Vanquished Creatures (others)
  5 demonic plants (D:1)
  4 fungi (D:1)
  7 plants
  A withered plant (D:1)
17 creatures vanquished.

Grand Total: 174 creatures vanquished

Notes
Turn   | Place    | Note
-------+----------+-------------------------------------------
     0 | D:1      | qw the Formicid Cinder Acolyte began the quest for the Orb.
     0 | D:1      | Reached XP level 1. HP: 18/18 MP: 2/2
     0 | D:1      | 0 ||| qw: Version: 0.1-a-102-g441f92d
     0 | D:1      | 0 ||| qw: Game counter: 5135
     0 | D:1      | 0 ||| qw: Always use a shield: true
     0 | D:1      | 0 ||| qw: God list: Okawaru
     0 | D:1      | 0 ||| qw: Allow faded altars: false
     0 | D:1      | 0 ||| qw: Do Orc after D:15 true
     0 | D:1      | 0 ||| qw: Do second Lair branch before Depths: true
     0 | D:1      | 0 ||| qw: Lair rune preference: random
     0 | D:1      | 0 ||| qw: Plans: Normal
     0 | D:1      | 0 ||| PLANNING D:1-11
    96 | D:1      | Reached XP level 2. HP: 24/24 MP: 3/3
   459 | D:1      | 459 ||| Stepping ~*~*~tactically~*~*~ (stealth).
   469 | D:1      | 469 ||| INVOKING Fiery Armour.
   599 | D:1      | 599 ||| Stepping ~*~*~tactically~*~*~ (stealth).
   636 | D:1      | Found a faded altar of an unknown god.
   660 | D:1      | 660 ||| INVOKING Fiery Armour.
   845 | D:1      | Reached skill level 4 in Axes
   845 | D:1      | Reached XP level 3. HP: 29/29 MP: 4/4
  1073 | D:1      | 1073 ||| Stepping ~*~*~tactically~*~*~ (stealth).
  1082 | D:1      | 1082 ||| INVOKING Fiery Armour.
  1083 | D:1      | HP: 6/29 [quokka (3)]
  1252 | D:1      | 1252 ||| Stepping ~*~*~tactically~*~*~ (stealth).
  1489 | D:1      | 1489 ||| UPGRADING to +0 ring mail.
  1499 | D:1      | 1499 ||| DROPPING +0 robe.
  1500 | D:1      | 1500 ||| UPGRADING to +6 ring of dexterity.
  1501 | D:1      | 1501 ||| READING scroll labelled SALEYQUSER.
  1502 | D:1      | 1502 ||| READING scroll labelled ICIYSUPLAL.
  1503 | D:1      | 1503 ||| READING scroll labelled CIUFARH TANON.
  1504 | D:1      | 1504 ||| READING scroll labelled DOOV DAUVIRAST.
  1605 | D:1      | 1605 ||| READING 2 scrolls labelled MYGAET PEOT.
  1606 | D:1      | 1606 ||| DROPPING scroll of poison.
  1607 | D:1      | 1607 ||| Stepping randomly (stuck).
  1608 | D:1      | 1608 ||| Stepping ~*~*~tactically~*~*~ (cloud).
  1616 | D:1      | HP: 7/29 [poisoned by you (poison gas)]
  1939 | D:2      | Reached skill level 1 in Dodging
  2023 | D:2      | 2023 ||| FLEEEEING.
  2024 | D:2      | 2024 ||| FLEEEEING.
  2056 | D:2      | Reached skill level 1 in Armour
  2170 | D:2      | Noticed Robin
  2171 | D:2      | 2171 ||| Stepping ~*~*~tactically~*~*~ (hiding).
  2177 | D:2      | 2177 ||| Stepping ~*~*~tactically~*~*~ (stealth).
  2185 | D:2      | 2185 ||| INVOKING Fiery Armour.
  2187 | D:2      | Killed Robin
  2188 | D:2      | Reached XP level 4. HP: 29/35 MP: 5/5
  2188 | D:2      | 2188 ||| Stepping ~*~*~tactically~*~*~ (hiding).
  2195 | D:2      | 2195 ||| FLEEEEING.
  2196 | D:2      | 2196 ||| FLEEEEING.
  2197 | D:2      | 2197 ||| FLEEEEING.
  2198 | D:2      | 2198 ||| FLEEEEING.
  2199 | D:2      | 2199 ||| FLEEEEING.
  2200 | D:2      | 2200 ||| FLEEEEING.
  2201 | D:2      | 2201 ||| FLEEEEING.
  2202 | D:2      | 2202 ||| FLEEEEING.
  2203 | D:2      | 2203 ||| FLEEEEING.
  2206 | D:2      | 2206 ||| STAIRDANCE
  2379 | D:1      | 2379 ||| UPGRADING to +0 pair of gloves.
  2384 | D:1      | 2384 ||| READING scroll labelled FORIS BIGA.
  2385 | D:1      | 2385 ||| DRINKING 2 fuming emerald potions.
  2429 | D:1      | 2429 ||| DROPPING potion of lignification.
  2445 | D:2      | 2445 ||| INVOKING Fiery Armour.
  2452 | D:2      | Reached XP level 5. HP: 31/41 MP: 6/6
  2460 | D:2      | Reached skill level 5 in Axes
  2460 | D:2      | 2460 ||| FLEEEEING.
  2461 | D:2      | 2461 ||| FLEEEEING.
  2462 | D:2      | 2462 ||| FLEEEEING.
  2463 | D:2      | 2463 ||| FLEEEEING.
  2464 | D:2      | 2464 ||| FLEEEEING.
  2465 | D:2      | 2465 ||| FLEEEEING.
  2466 | D:2      | 2466 ||| FLEEEEING.
  2467 | D:2      | 2467 ||| FLEEEEING.
  2468 | D:2      | 2468 ||| FLEEEEING.
  2469 | D:2      | 2469 ||| FLEEEEING.
  2470 | D:2      | 2470 ||| FLEEEEING.
  2471 | D:2      | 2471 ||| FLEEEEING.
  2472 | D:2      | 2472 ||| FLEEEEING.
  2473 | D:2      | 2473 ||| STAIRDANCE
  2780 | D:2      | 2780 ||| SWAPPING to +2 hand axe of venom.
  2817 | D:2      | Found Fugoamp's Weapon Shoppe.
  2825 | D:2      | 2825 ||| BUYING +0 battleaxe (65 gold).
  2825 | D:2      | Bought a +0 battleaxe for 65 gold pieces
  2825 | D:2      | 2825 ||| SWAPPING to +0 battleaxe.
  2826 | D:2      | 2826 ||| DROPPING +2 hand axe of venom.
  3025 | D:2      | Identified the +1 leather armour of Deatet Hero {Dex+2
                  | Slay+2}
  3029 | D:2      | Noticed Terence
  3037 | D:2      | Killed Terence
  3075 | D:2      | 3075 ||| DROPPING +1 leather armour of Deatet Hero {Dex+2
                  | Slay+2}.
  3076 | D:2      | 3076 ||| UPGRADING to +0 chain mail.
  3086 | D:2      | 3086 ||| DROPPING +0 ring mail.
  3087 | D:2      | 3087 ||| UPGRADING to ring of poison resistance.
  3606 | D:3      | Reached XP level 6. HP: 44/47 MP: 7/7
  3626 | D:3      | Noticed Natasha
  3630 | D:3      | Killed Natasha
  3656 | D:3      | Noticed Natasha
  3657 | D:3      | 3657 ||| Stepping ~*~*~tactically~*~*~ (hiding).
  3658 | D:3      | 3658 ||| Stepping ~*~*~tactically~*~*~ (hiding).
  3666 | D:3      | 3666 ||| Stepping ~*~*~tactically~*~*~ (hiding).
  3672 | D:3      | Killed Natasha
  3673 | D:3      | Reached skill level 6 in Axes
  3733 | D:3      | Found a radiant altar of Vehumet.
  3734 | D:3      | 3734 ||| INVOKING Fiery Armour.
  3891 | D:3      | Found a sparkling altar of Nemelex Xobeh.
  3948 | D:3      | 3948 ||| Stepping ~*~*~tactically~*~*~ (hiding).
  3949 | D:3      | 3949 ||| Stepping ~*~*~tactically~*~*~ (hiding).
  3951 | D:3      | 3951 ||| INVOKING Fiery Armour.
  4016 | D:3      | 4016 ||| READING scroll labelled HAXOIR TACSOR.
  4017 | D:3      | 4017 ||| READING scroll labelled EZXOKL LIEFOO.
  4156 | D:3      | 4156 ||| DRINKING 2 coppery potions.
  4157 | D:3      | 4157 ||| DRINKING 2 glowing ruby potions.
  4157 | D:3      | Gained mutation: Your spells are a little easier to cast,
                  | but a little less powerful. [potion of mutation]
  4157 | D:3      | Gained mutation: You are somewhat resistant to further
                  | mutation. [potion of mutation]
  4158 | D:3      | 4158 ||| READING 2 scrolls of identify.
  4158 | D:3      | 4158 ||| IDENTIFYING fuming puce potion
  4159 | D:3      | 4159 ||| DROPPING potion of brilliance.
  4360 | D:4      | 4360 ||| Stepping randomly (stuck).
  4361 | D:4      | 4361 ||| Stepping randomly (stuck).
  4401 | D:4      | Noticed Dowan
  4402 | D:4      | 4402 ||| Stepping ~*~*~tactically~*~*~ (hiding).
  4409 | D:4      | Reached XP level 7. HP: 41/54 MP: 8/8
  4418 | D:4      | 4418 ||| INVOKING Fiery Armour.
  4418 | D:4      | Killed Dowan
  4587 | D:4      | Identified the +1 robe of Intuition {rC+ rN++}
  4626 | D:4      | 4626 ||| Stepping ~*~*~tactically~*~*~ (hiding).
  4753 | D:4      | 4753 ||| Stepping ~*~*~tactically~*~*~ (stealth).
  4786 | D:4      | 4786 ||| Stepping ~*~*~tactically~*~*~ (stealth).
  4788 | D:4      | 4788 ||| Stepping ~*~*~tactically~*~*~ (stealth).
  4789 | D:4      | 4789 ||| Stepping ~*~*~tactically~*~*~ (stealth).
  5002 | D:4      | 5002 ||| Stepping ~*~*~tactically~*~*~ (hiding).
  5118 | D:4      | Noticed Duvessa
  5119 | D:4      | 5119 ||| Stepping ~*~*~tactically~*~*~ (stealth).
  5120 | D:4      | 5120 ||| Stepping ~*~*~tactically~*~*~ (stealth).
  5122 | D:4      | 5122 ||| INVOKING Fiery Armour.
  5123 | D:4      | Reached skill level 7 in Axes
  5123 | D:4      | 5123 ||| FLEEEEING.
  5128 | D:4      | HP: 5/54 [Duvessa/+0 short sword (12)]
  5130 | D:4      | HP: 1/54 [Duvessa/+0 short sword (2)]
  5130 | D:4      | Killed Duvessa
  5570 | D:4      | 5570 ||| READING scroll labelled ESAITZ BIZXUO.
  5571 | D:4      | 5571 ||| READING scroll labelled BUUDDU GAES.
  5572 | D:4      | 5572 ||| DRINKING 2 metallic orange potions.
  5573 | D:4      | 5573 ||| DROPPING potion of flight.
  5581 | D:5      | Entered Level 5 of the Dungeon
  5815 | D:5      | 5815 ||| INVOKING Fiery Armour.
  5818 | D:5      | Reached XP level 8. HP: 28/60 MP: 9/9
  5819 | D:5      | Reached skill level 3 in Armour
  5819 | D:5      | HP: 14/60 [gnoll/+0 spear (3)]
  6080 | D:5      | Found Viclya's Antique Armour Shop.
  6085 | D:5      | 6085 ||| SHOPLISTING glowing scale mail (203 gold, have
                  | 175).
  6085 | D:5      | 6085 ||| SHOPLISTING runed ring mail (203 gold, have 175).
  6322 | D:5      | 6322 ||| Stepping ~*~*~tactically~*~*~ (stealth).
  6335 | D:5      | Reached skill level 8 in Axes
  6350 | D:5      | Found a bloodstained altar of Trog.
  6613 | D:5      | 6613 ||| DROPPING amulet of magic regeneration.
  6614 | D:5      | 6614 ||| DROPPING ring of positive energy.
  6615 | D:5      | 6615 ||| UPGRADING to +4 ring of protection.
  6617 | D:5      | 6617 ||| READING scroll labelled IBLIH DIRCHITOT.
  6618 | D:5      | 6618 ||| READING 2 scrolls of identify.
  6618 | D:5      | 6618 ||| IDENTIFYING gluggy clear potion
  6619 | D:5      | 6619 ||| DROPPING potion of magic.
  6682 | D:6      | Found a snail-covered altar of Cheibriados.
  6710 | D:6      | 6710 ||| READING scroll of enchant armour.
  6710 | D:6      | 6710 ||| ENCHANTING +0 pair of gloves.
  6737 | D:6      | 6737 ||| Stepping ~*~*~tactically~*~*~ (stealth).
  6741 | D:6      | 6741 ||| FLEEEEING.
  6742 | D:6      | 6742 ||| FLEEEEING.
  6853 | D:6      | 6853 ||| SWAPPING to +5 battleaxe.
  6854 | D:6      | 6854 ||| DROPPING +1 battleaxe.
  6887 | D:6      | 6887 ||| Stepping ~*~*~tactically~*~*~ (stealth).
  6889 | D:6      | 6889 ||| Stepping ~*~*~tactically~*~*~ (stealth).
  6899 | D:6      | Reached skill level 9 in Axes
  7043 | D:6      | Reached XP level 9. HP: 67/68 MP: 10/10
  7173 | D:6      | 7173 ||| FLEEEEING.
  7174 | D:6      | 7174 ||| FLEEEEING.
  7245 | D:6      | 7245 ||| Stepping ~*~*~tactically~*~*~ (stealth).
  7248 | D:6      | 7248 ||| Stepping ~*~*~tactically~*~*~ (stealth).
  7253 | D:6      | Reached skill level 6 in Fighting
  7275 | D:6      | Found a runed translucent door.
  7276 | D:6      | Noticed Crazy Yiuf
  7317 | D:6      | 7317 ||| Stepping ~*~*~tactically~*~*~ (stealth).
  7318 | D:6      | 7318 ||| Stepping ~*~*~tactically~*~*~ (stealth).
  7462 | D:6      | 7462 ||| INVOKING Fiery Armour.
  7583 | D:6      | Found a staircase to the Ecumenical Temple.
  8021 | D:6      | 8021 ||| UPGRADING to +2 cloak.
  8026 | D:6      | 8026 ||| UPGRADING to +0 plate armour.
  8036 | D:6      | 8036 ||| DROPPING +0 chain mail.
  8037 | D:6      | 8037 ||| READING scroll labelled DEDEIWNUOQ.
  8038 | D:6      | 8038 ||| READING scroll labelled NUULULISHRE.
  8341 | D:7      | 8341 ||| Stepping ~*~*~tactically~*~*~ (stealth).
  8430 | D:7      | Found a burning altar of Makhleb.
  8481 | D:7      | 8481 ||| FLEEEEING.
  8482 | D:7      | 8482 ||| FLEEEEING.
  8483 | D:7      | 8483 ||| FLEEEEING.
  8484 | D:7      | 8484 ||| FLEEEEING.
  8485 | D:7      | 8485 ||| FLEEEEING.
  8486 | D:7      | 8486 ||| FLEEEEING.
  8625 | D:7      | 8625 ||| INVOKING Fiery Armour.
  8881 | D:7      | Found a glowing golden altar of the Shining One.
  9098 | D:7      | 9098 ||| FLEEEEING.
  9099 | D:7      | 9099 ||| FLEEEEING.
  9159 | D:7      | 9159 ||| Stepping ~*~*~tactically~*~*~ (stealth).
  9170 | D:7      | Reached skill level 10 in Axes
  9367 | D:7      | 9367 ||| DRINKING 3 golden potions.
  9368 | D:7      | 9368 ||| READING 3 scrolls of identify.
  9368 | D:7      | 9368 ||| IDENTIFYING red potion
  9369 | D:7      | 9369 ||| READING 2 scrolls of identify.
  9369 | D:7      | 9369 ||| IDENTIFYING dark potion
  9370 | D:7      | 9370 ||| DROPPING potion of berserk rage.
  9371 | D:7      | 9371 ||| DROPPING 2 potions of invisibility.
  9402 | D:8      | 9402 ||| PLANNING OSSUARY
  9438 | D:8      | Reached skill level 6 in Armour
 10127 | D:8      | 10127 ||| RIP OSSUARY
 10137 | D:8      | 10137 ||| PLANNING D:1-11
 10195 | D:8      | Found a stormy altar of Qazlal.
 10202 | D:8      | Noticed Psyche
 10220 | D:8      | HP: 16/71 [sky beast (4)]
 10221 | D:8      | HP: 3/71 [Psyche/chain of chaos (7)]
 10222 | D:8      | HP: 1/71 [poisoned by Psyche (arc of chaos)]
 10223 | D:8      | Succumbed to Psyche's arc of chaos

Levels and vault maps discovered:
D:1:      minmay_arrival_semitransparent, layout_loops_ring,
          shapermc_ecumenical_altar_gd, minmay_misc_feat_roman
D:2:      layout_basic, serial_shops, nicolae_shop_bloodbath_and_beyond,
          minmay_pentomino_s4, uniq_robin, uniq_terence
D:3:      layout_rooms, nemelex_dance_club_becter, vehumet_statue,
          hangedman_abyss_or_decor_lesser_grid, kennysheep_generic_room_7,
          uniq_natasha
D:4:      layout_loops_ring, kennysheep_nub, minmay_misc_feat_chi,
          hangedman_glass_teeth, nicolae_eternal_life, uniq_duvessa
D:5:      layout_basic, mainiacjoe_overflow_concentric_impassable, serial_shops,
          nicolae_shop_statue_plus, hangedman_decor_slide_cut
D:6:      layout_loops_corners, mainiacjoe_overflow_brackets,
          lemuel_temple_firewalk_a, uniq_crazy_yiuf_cottage
D:7:      layout_loops_ring, tso_metal_star, makhleb_heckhound_becter,
          serial_bayou, serial_bayou_pond_d, serial_bayou_shore_a,
          serial_bayou_shore_b, serial_bayou_pond_e
D:8:      layout_gridville, nicolae_qazlal_style_of_elements, enter_ossuary_5,
          kennysheep_windowed_goal, uniq_maurice, uniq_psyche, uniq_gastronok

Skill      XL: |  1  2  3  4  5  6  7  8  9 |
---------------+----------------------------+-----
Axes           | 4 5 6 7 9 10 | 10.1
Dodging        | 1 |  1.0
Armour         | 1 2 3 6 |  6.0
Fighting       | 4 5 7 |  7.0
Throwing       | 2 |  2.2
Spellcasting   | |  1.1
Fire Magic     | |  3.0

Action                   |  1- 3 |  4- 6 |  7- 9 || total
-------------------------+-------+-------+-------++-------
Melee: Hand axe          |   106 |    51 |       ||   157
       Battleaxe         |       |   104 |   185 ||   289
       Punch             |       |       |     5 ||     5
       Unarmed           |       |       |    14 ||    14
Throw: Boomerang         |       |    11 |    40 ||    51
Invok: Fiery Armour      |     4 |     3 |     5 ||    12
  Use: Scroll            |     5 |     4 |     9 ||    18
       Potion            |       |     3 |     2 ||     5
 Stab: Distracted        |     1 |       |       ||     1
       Sleeping          |     1 |       |       ||     1
Armor: Robe              |    10 |       |       ||    10
       Ring mail         |    19 |    26 |       ||    45
       Chain mail        |       |    75 |    75 ||   150
       Plate armour      |       |       |    70 ||    70
Dodge: Dodged            |    56 |    87 |    79 ||   222

Table legend:
 A = Non-vault XP
 B = Vault XP
 C = Vault XP percentage of total XP
 D = Non-vault monster count
 E = Vault monster count
 F = Vault count percentage of total count
                 A         B        C        D         E       F
            +---------+---------+-------+---------+---------+-------
      Total |    3376 |     456 |  11.9 |     129 |      28 |  17.8
            +---------+---------+-------+---------+---------+-------
        D:1 |      42 |       0 |   0.0 |      22 |       0 |   0.0
        D:2 |     106 |      80 |  43.0 |      21 |      16 |  43.2
        D:3 |     161 |      79 |  32.9 |      21 |       8 |  27.6
        D:4 |     265 |     208 |  44.0 |      14 |       2 |  12.5
        D:5 |     375 |       0 |   0.0 |      11 |       0 |   0.0
        D:6 |    1111 |       0 |   0.0 |      17 |       0 |   0.0
        D:7 |     719 |      46 |   6.0 |      10 |       1 |   9.1
        D:8 |     597 |      43 |   6.7 |      13 |       1 |   7.1
            +---------+---------+-------+---------+---------+-------
